Map: Ancient Cistern LE

Players

A.I. 1 (Hard)

  • Race: Protoss Protoss
  • Spawn Location: 7:00

elCLAPitan - Winner!

  • Race: Protoss Protoss
  • League: Platinum
  • Spawn Location: 1:00

VOD

Have the link to the VOD?

Description

Pvp 7 Minute timing attack with stalkers, Chargelots, two Immo's, archons and warp prism.

Time

  • Played on: Feb. 26, 2023, 11:26 a.m.
  • Length: 9:08
Show
View Real Time Build Order
Export as new Build Order

A.I. 1 (Hard) Protoss 

Build Orders:  

Get SALT Encoding   

  12  0:00  Probe  
  13  0:13  Probe  
  14  0:19  Pylon  
  14  0:25  Probe  
  15  0:33  Probe  
  15  0:42  Probe  
  16  0:47  Assimilator  
  17  0:50  Gateway  
  17  0:51  Probe  
  18  0:59  Pylon  
  18  1:00  Probe  
  19  1:17  Probe  
  20  1:38  Zealot  
  20  1:39  Gateway  
  22  1:41  Cybernetics Core  
  22  1:44  Assimilator  
  22  2:00  Pylon  
  22  2:08  Adept  
  24  2:23  Warp Gate  
  24  2:33  Zealot  
  26  2:47  Stalker  
  26  2:48  Pylon  
  28  2:55  Stalker  
  30  3:14  Probe  
  30  3:17  Stalker  
  33  3:22  Pylon  
  33  3:26  Probe  
  34  3:32  Stalker  
  36  3:38  Probe  
  37  3:47  Forge  
  37  3:48  Adept  
  39  3:50  Probe  
  40  3:56  Stalker  
  40  4:02  Probe  
  43  4:14  Probe  
  44  4:25  Stalker  
  46  6:15  Protoss Ground Weapons Level 1  
  46  6:26  Sentry  
  46  6:28  Gateway  
  46  6:31  Robotics Facility  
  48  6:35  Zealot, Twilight Council, Nexus  
  48  6:38  Photon Cannon  
  50  6:41  Photon Cannon  
  50  6:44  Sentry  
  50  6:45  Stargate  
  52  6:50  Forge  
  52  6:52  Pylon  
  52  6:56  Stalker  
  42  7:06  Zealot  
  36  7:19  Stalker  
  36  7:20  Observer  
  39  7:28  Adept  
  41  7:37  Stalker  
  41  7:42  Observer  
  44  7:47  Zealot, Probe  
  44  7:50  Zealot  
  50  7:56  Zealot  
  43  8:07  Zealot  
  34  8:16  Stalker  
  30  8:25  Stalker  
  27  8:29  Stalker  
  27  8:32  Probe  
  20  8:39  Zealot  
Show
View Real Time Build Order
Export as new Build Order

elCLAPitan Protoss - Winner!

Build Orders: 1 Gate Expand, Zealot Archon, Archon Drop 

Get SALT Encoding   

  12  0:00  Probe  
  13  0:13  Pylon  
  13  0:18  Probe  
  14  0:32  Gateway  
  14  0:33  Probe (Chrono Boost)  
  16  0:43  Probe (Chrono Boost)  
  16  0:48  Probe (Chrono Boost)  
  16  0:49  Assimilator  
  17  1:00  Probe  
  18  1:19  Nexus  
  18  1:29  Cybernetics Core  
  18  1:32  Probe  
  19  1:39  Assimilator  
  19  1:47  Pylon  
  19  1:50  Probe  
  20  2:02  Probe  
  20  2:03  Stalker (Chrono Boost)  
  23  2:11  Warp Gate  
  23  2:21  Probe  
  24  2:25  Stalker  
  24  2:26  Shield Battery  
  26  2:31  Probe  
  26  2:33  Probe  
  28  2:44  Gateway  
  28  2:49  Probe  
  29  2:51  Probe  
  29  2:55  Sentry  
  32  3:03  Gateway  
  32  3:07  Pylon  
  32  3:09  Probe  
  32  3:11  Probe  
  34  3:21  Robotics Facility  
  34  3:24  Probe x2  
  36  3:32  Twilight Council  
  36  3:36  Probe  
  36  3:40  Assimilator  
  36  3:41  Probe  
  39  3:48  Probe  
  39  3:53  Probe  
  40  4:00  Stalker x3  
  46  4:08  Pylon, Probe  
  47  4:11  Charge  
  47  4:17  Pylon  
  47  4:18  Probe  
  48  4:25  Immortal (Chrono Boost)  
  48  4:30  Probe  
  53  4:37  Gateway  
  53  4:43  Gateway  
  53  4:49  Gateway  
  53  4:55  Immortal (Chrono Boost)  
  57  5:03  Pylon  
  57  5:09  Gateway  
  57  5:12  Gateway  
  57  5:18  Gateway  
  57  5:26  Templar Archives  
  57  5:31  Zealot x2  
  57  5:35  Zealot  
  63  5:39  Pylon  
  63  5:41  Assimilator  
  63  5:47  Warp Prism (Chrono Boost)  
  65  6:05  High Templar x3  
  65  6:09  Archon  
  71  6:17  High Templar  
  73  6:23  Archon  
  73  6:26  High Templar  
  73  6:28  Zealot x2  
  73  6:29  Zealot  
  81  6:40  High Templar  
  81  6:44  Pylon  
  81  6:46  Archon, Pylon  
  83  6:48  Pylon  
  77  7:12  Probe x2  
  77  7:15  Zealot  
  81  7:16  Zealot x3  
  81  7:17  Zealot  
  81  7:18  Nexus  
  81  7:21  Pylon  
  89  7:24  Probe x2  
  89  7:25  High Templar x3  
  97  7:30  Archon  
  97  7:38  High Templar  
  97  7:40  Zealot x3  
  97  7:43  Archon  
  103  8:09  Pylon  
  103  8:12  Pylon  
  101  8:13  Zealot x4, Pylon  
  101  8:15  Pylon  
  105  8:21  Zealot x2  
  109  8:30  Forge  
  109  8:32  Probe  
  109  8:33  Probe x2  
  110  8:38  High Templar x3  
  110  8:40  High Templar  
  118  8:42  Archon  
  118  8:44  Archon  
  118  8:45  Probe  
  119  8:53  Zealot x2  
  119  8:54  Zealot  
Tags
 
Composition
Zealot Archon
League
Platinum
Matchup
PvP
Spawn Locations
Cross Positions
Strategy
Archon Drop
Add a new tag
Caveats
  • Supply blocks, unpowered buildings, or Contaminate may cause inaccurate times.
  • Supply counts are checked every 10 seconds.